 Dungeon Crawl Stone Soup version 0.29.1-1-gd02db6906a (webtiles) character file.

Game seed: 9017851730746769185

10776 Earthwalker the Spear-Bearer (level 11, 0/97 HPs)
             Began as a Minotaur Fighter on Oct 8, 2022.
             Was an Initiate of Gozag.
             Slain by a wraith (2 damage)
             ... on level 1 of the Abyss.
             The game lasted 00:54:17 (13528 turns).

Earthwalker the Spear-Bearer (Minotaur Fighter)    Turns: 13528, Time: 00:54:19

Health: 0/97       AC: 14    Str: 20    XL:     11   Next: 40%
Magic:  10/10      EV: 12    Int:  5    God:    Gozag
Gold:   1220       SH:  6    Dex: 15    Spells: 10/10 levels left

rFire   x . .      SeeInvis .   a - +1 trident (drain)
rCold   + . .      Faith    .   c - +0 buckler
rNeg    . . .      Spirit   .   b - +0 scale mail
rPois   .          Reflect  .   (helmet restricted)
rElec   .          Harm     .   (no cloak)
rCorr   .          Rampage  .   (no gloves)
Will    .....                   n - +0 pair of boots
Stlth   ++........              (no amulet)
HPRegen 0.26/turn               m - +4 ring of protection
MPRegen 0.12/turn               r - ring of ice

@: gold aura, slowed, very slow
A: horns 2, retaliatory headbutt
a: Renounce Religion, Potion Petition, Call Merchant, Bribe Branch


You were on level 1 of the Abyss.
You worshipped Gozag.
Gozag was most pleased with you.
You visited 1 branch of the dungeon, and saw 12 of its levels.
You visited the Abyss 1 time.

You collected 1306 gold pieces.
You paid 86 gold pieces to Gozag.

Inventory:

Hand Weapons
 a - a +1 trident of draining (weapon)
 t - a +0 spear
 z - a +2 short sword of flaming
Missiles
 y - 6 curare-tipped darts
 E - a poisoned dart (quivered)
 J - 2 throwing nets
Armour
 b - a +0 scale mail (worn)
 c - a +0 buckler (worn)
 n - a +0 pair of boots (worn)
 B - a +0 chain mail of cold resistance
Magical Staves
 C - a staff of conjuration
Jewellery
 m - a +4 ring of protection (left hand)
 r - a ring of ice (right hand)
Wands
 p - a wand of quicksilver (8)
 A - a wand of flame (11)
 D - a wand of paralysis (2)
Scrolls
 f - a scroll of amnesia
 g - a scroll of fear
 j - 3 scrolls of enchant weapon
 q - 2 scrolls of noise
 x - 6 scrolls of identify
 G - 2 scrolls of blinking
 K - a scroll of butterflies
 M - a scroll of brand weapon
Potions
 d - a potion of might
 e - 4 potions of curing
 h - 3 potions of invisibility
 i - a potion of attraction
 k - a potion of flight
 l - a potion of lignification
 o - 4 potions of brilliance
 s - 2 potions of haste
 u - 3 potions of magic
 v - a potion of ambrosia
 w - a potion of cancellation {unknown}
 F - 2 potions of resistance
 H - a potion of mutation {unknown}
 N - a potion of berserk rage {unknown}


   Skills:
 * Level 9.0 Fighting
 * Level 12.7 Polearms
 * Level 10.3 Armour
 * Level 6.1 Dodging
 * Level 5.2 Stealth
 * Level 8.5 Shields


You had 10 spell levels left.
You didn't know any spells.
Your spell library contained the following spells:

 Spells                   Type           Power      Damage    Failure   Level
 Magic Dart               Conj           0%         1d3       83%         1
 Summon Small Mammal      Summ           0%         N/A       83%         1
 Call Imp                 Summ           0%         N/A       93%         2
 Ensorcelled Hibernation  Hex/Ice        0%         N/A       93%         2
 Mephitic Cloud           Conj/Pois/Air  0%         N/A       99%         3
 Spider Form              Tmut/Pois      0%         N/A       99%         3
 Airstrike                Air            0%         2d(0-16)  100%        4
 Anguish                  Hex/Necr       0%         N/A       100%        4
 Summon Lightning Spire   Summ/Air       0%         N/A       100%        4
 Lightning Bolt           Conj/Air       0%         1d11      100%        5


Dungeon Overview and Level Annotations

Branches:
Dungeon (12/15)            Temple (0/1) D:6            Lair (0/5) D:11
    Orc: D:9-12

Altars:
Elyvilon
Gozag
Ru
Vehumet
Yredelemnul

Portals:
Trove: D:11 (give +3 fire dragon scales)

Annotations:
D:7 1 runed translucent door, Crazy Yiuf
D:9 4 runed translucent doors, exclusion: orange crystal statue, passata's ghost, novice MeEE
D:11 Erolcha


Innate Abilities, Weirdness & Mutations

You have a pair of horns on your head.
You reflexively headbutt those who attack you in melee.


Message History

The hellwing is heavily wounded.
You block the hellwing's attack.
The hellwing hits you but does no damage.
You puncture the hellwing!
The hellwing is almost dead.
You block the hellwing's attack. x2
You hit the hellwing. Your headbutt misses the hellwing.
The hellwing is almost dead.
You closely miss the hellwing.
The hellwing is almost dead.
The hellwing hits you.
* * * LOW HITPOINT WARNING * * *
You block the hellwing's attack.
You hit the hellwing.
You kill the hellwing!
You barely miss the wraith.
You headbutt the wraith, but do no damage.
You hit the wraith but do no damage. You headbutt the wraith.
The wraith is lightly damaged.
The wraith misses you.
You hit the wraith but do no damage. Your headbutt misses the wraith.
The wraith is lightly damaged.
The wraith hits you!
* * * LOW HITPOINT WARNING * * *
The wraith drains your vigour!
You feel yourself slow down.
You hit the wraith but do no damage.
The wraith is lightly damaged.
The wraith misses you. You furiously retaliate!
You headbutt the wraith, but do no damage.
You puncture the wraith!
You headbutt the wraith, but do no damage.
The wraith is moderately damaged.
The wraith is distracted by your dazzling golden aura.
You hit the wraith.
The wraith is no longer distracted by gold.
Your headbutt misses the wraith.
The wraith is moderately damaged.
The wraith hits you.
You die...
Your body crumbles into a pile of gold.

. . # .. # .
# . ## #..#
.. #. # . .#
# #.#
.##.##.. #..
#...#.....
#..#W......#
#..@# . ..#
##### . # ..
..# ...... .
W # #. # .
#.# # . .#
##. .#


You could see a wraith.

Vanquished Creatures
  Harold (D:9)
  Sonja (D:11)
  Joseph (D:7)
  An unseen horror (D:8)
  A komodo dragon (D:11)
  2 hellwings (Abyss:1)
  3 hornets
  3 trolls
  Prince Ribbit (D:9)
  A wraith (D:8)
  A shadow (D:11)
  3 wyverns (D:8)
  14 yaks
  A steam dragon (D:10)
  4 vampire mosquitoes
  An acid dragon (D:8)
  3 water moccasins
  Duvessa (D:6)
  An ice beast (D:5)
  2 orc warriors
  A sky beast (D:8)
  A black bear (D:7)
  An ogre (D:6)
  2 centaurs
  A phantom (D:4)
  A kobold brigand (D:4)
  A gnoll sergeant (D:11)
  4 necrophages
  2 bullfrogs
  Dowan (D:6)
  16 killer bees
  6 howler monkeys
  An electric eel (D:8)
  2 jellies
  2 hounds (D:5)
  4 orc priests
  Terence (D:3)
  5 iguanas
  An orc wizard (D:10)
  A mummy (D:6)
  2 adders (D:5)
  16 gnolls
  A white imp (D:7)
  4 worms
  17 orcs
  7 endoplasms
  9 giant cockroaches
  6 goblins
  7 hobgoblins
  2 jackals (D:3)
  51 kobolds
  3 quokkas
  8 ball pythons
  A bat (D:3)
  3 frilled lizards
  A hobgoblin zombie (D:6)
  3 orc zombies (D:6)
  11 rats
252 creatures vanquished.

Vanquished Creatures (others)
  A fungus (D:7)
  A plant (D:1)
  2 withered plants (D:9)
4 creatures vanquished.

Grand Total: 256 creatures vanquished

Notes
Turn   | Place    | Note
-------+----------+-------------------------------------------
     0 | D:1      | Earthwalker the Minotaur Fighter began the quest for the
                  | Orb.
     0 | D:1      | Reached XP level 1. HP: 19/19 MP: 0/0
   195 | D:1      | Reached XP level 2. HP: 24/27 MP: 1/1
   484 | D:1      | Found a faded altar of an unknown god.
   493 | D:1      | Got Plato's Writings on Generation
   899 | D:2      | Reached XP level 3. HP: 33/33 MP: 2/2
  1832 | D:3      | Noticed Terence
  1842 | D:3      | Killed Terence
  1843 | D:3      | Reached skill level 3 in Polearms
  1843 | D:3      | Reached XP level 4. HP: 29/40 MP: 3/3
  2213 | D:3      | Reached skill level 1 in Dodging
  2578 | D:4      | Noticed a phantom
  2594 | D:4      | Killed a phantom
  2595 | D:4      | Reached skill level 4 in Polearms
  2595 | D:4      | Reached skill level 1 in Stealth
  2595 | D:4      | Reached XP level 5. HP: 31/47 MP: 4/4
  3404 | D:4      | Reached XP level 6. HP: 53/53 MP: 5/5
  3449 | D:4      | Reached skill level 5 in Armour
  3501 | D:4      | Reached skill level 5 in Polearms
  4310 | D:5      | Entered Level 5 of the Dungeon
  4402 | D:5      | Reached XP level 7. HP: 60/60 MP: 6/6
  4439 | D:5      | Reached skill level 6 in Polearms
  4504 | D:5      | Reached skill level 5 in Fighting
  4634 | D:5      | Reached skill level 5 in Shields
  4990 | D:5      | Reached skill level 7 in Polearms
  5673 | D:6      | Reached XP level 8. HP: 48/68 MP: 7/7
  5853 | D:6      | Found a staircase to the Ecumenical Temple.
  5959 | D:6      | Noticed Duvessa
  5960 | D:6      | Noticed Dowan
  5969 | D:6      | Killed Duvessa
  5973 | D:6      | Killed Dowan
  6167 | D:6      | Reached skill level 8 in Polearms
  6227 | D:6      | Found an opulent altar of Gozag.
  6269 | D:6      | Became a worshipper of Gozag Ym Sagoz the Greedy
  6929 | D:7      | Reached skill level 9 in Polearms
  6935 | D:7      | Reached XP level 9. HP: 75/75 MP: 8/8
  7121 | D:7      | Found a runed translucent door.
  7122 | D:7      | Noticed Crazy Yiuf
  7206 | D:7      | Found a basalt altar of Yredelemnul.
  7258 | D:7      | Noticed Joseph
  7389 | D:7      | Found a white marble altar of Elyvilon.
  7780 | D:8      | Reached skill level 10 in Polearms
  8320 | D:8      | Reached XP level 10. HP: 82/86 MP: 9/9
  9543 | D:7      | Found a radiant altar of Vehumet.
  9545 | D:7      | Found a sacrificial altar of Ru.
  9824 | D:7      | Killed Joseph
  9825 | D:7      | Reached skill level 11 in Polearms
 10031 | D:9      | Noticed Prince Ribbit
 10040 | D:9      | Noticed Harold
 10056 | D:9      | Killed Harold
 10057 | D:9      | Reached skill level 5 in Dodging
 10063 | D:9      | Killed Prince Ribbit
 10105 | D:9      | Found a runed translucent door.
 10119 | D:9      | Found a runed translucent door.
 10132 | D:9      | Found a runed translucent door.
 10145 | D:9      | Found a runed translucent door.
 10668 | D:9      | Found a runed translucent door.
 10668 | D:9      | Noticed passata's ghost (novice MeEE)
 10827 | D:9      | Noticed an orange crystal statue
 10914 | D:10     | Entered Level 10 of the Dungeon
 11239 | D:10     | Reached skill level 12 in Polearms
 11248 | D:10     | Reached XP level 11. HP: 64/95 MP: 10/10
 11535 | D:10     | Paralysed by a hornet for 2 turns
 12241 | D:10     | Reached skill level 5 in Stealth
 12433 | D:10     | Reached skill level 10 in Armour
 12517 | D:11     | Noticed Sonja
 12727 | D:11     | Killed Sonja
 13111 | D:11     | Found a portal to a secret trove of treasure.
 13401 | D:11     | Noticed Erolcha
 13421 | Abyss:1  | Cast into level 1 of the Abyss (Erolcha)
 13525 | Abyss:1  | HP: 1/97 [wraith (11)]
 13528 | Abyss:1  | Slain by a wraith

Illustrated notes

Levels and vault maps discovered:
D:1:      wander_arrival_abandoned_jail, layout_basic,
          shapermc_ecumenical_altar_rom_forum, chequers_serial_rivers_marsh
D:2:      layout_basic
D:3:      layout_basic, serial_glass, glass_columns_b, glass_columns_b,
          feat_on_display, due_unseen_surprise, minmay_strange_pillars,
          item_on_display_a, uniq_terence
D:4:      minmay_goblin_kobold_castle, layout_loops_corners,
          dreamdust_wishing_well
D:5:      layout_basic
D:6:      layout_gridville, mainiacjoe_overflow_concentric_impassable,
          minmay_temple_entry_mini_moons, portal_sewer_entry_e,
          dreamdust_mushroom_princess, minmay_mini_ossuary, uniq_duvessa
D:7:      layout_rooms, mainiacjoe_overflow_alcove_3, uniq_joseph,
          uniq_crazy_yiuf_cottage
D:8:      statuecave_lemuel, layout_basic
D:9:      layout_rooms, gammafunk_ghost_grave, minmay_statue_crystal_thing,
          uniq_harold, uniq_prince_ribbit1
D:10:     layout_loops_cross
D:11:     layout_stronghold, lair_entry_dummy, nicolae_trove_entry_crossroad,
          kennysheep_doodads, uniq_erica, uniq_gastronok, uniq_sonja,
          uniq_erolcha, uniq_lodul
D:12:     minmay_dotted_concentric_squares, layout_basic, orc_0_dummy
Abyss:1:  base: D:5, lemuel_flamethrower_3

Skill      XL: |  1  2  3  4  5  6  7  8  9 10 11 |
---------------+----------------------------------+-----
Fighting       | 4 5 6 7 8 9 |  9.0
Shields        | 4 5 7 8 |  8.5
Armour         | 4 5 6 7 9 10 | 10.3
Polearms       | 3 4 5 7 9 10 12 | 12.7
Dodging        | 1 2 3 4 5 6 |  6.1
Stealth        | 1 2 3 4 5 |  5.2

Action                   |  1- 3 |  4- 6 |  7- 9 | 10-12 || total
-------------------------+-------+-------+-------+-------++-------
Melee: Trident           |    80 |   198 |   296 |   326 ||   900
       Headbutt          |    10 |    24 |    53 |    48 ||   135
Throw: Dart              |       |       |       |     6 ||     6
  Use: Scroll            |    11 |     3 |     6 |     3 ||    23
       Potion            |       |       |       |     1 ||     1
 Stab: Distracted        |       |       |     1 |     3 ||     4
Armor: Scale mail        |    29 |   112 |   105 |   130 ||   376
Dodge: Dodged            |    32 |   104 |   117 |   106 ||   359
Block: Buckler           |     9 |    41 |    58 |    81 ||   189
